 Dungeon Crawl Stone Soup version 0.30-a0-972-gf3ab3527aa (webtiles) character file.

Game seed: 11213304183440036529

224 GigaChad the Shield-Bearer (level 5, -4/47 HPs)
             Began as a Minotaur Fighter on Mar 31, 2023.
             Slain by Menkaure (9 damage)
             ... on level 4 of the Dungeon.
             The game lasted 00:04:14 (2137 turns).

GigaChad the Shield-Bearer (Minotaur Fighter)       Turns: 2137, Time: 00:04:15

Health: -4/47      AC:  9    Str: 22    XL:     5   Next: 67%
Magic:  4/4        EV:  7    Int: 11    God:
Gold:   157        SH:  5    Dex: 10    Spells: 4/4 levels left

rFire   . . .      SeeInvis .    a - +0 war axe
rCold   . . .      Faith    .    c - +0 buckler
rNeg    . . .      Spirit   .    h - +0 chain mail
rPois   .          Reflect  .    (helmet restricted)
rElec   .          Rampage  .    (no cloak)
rCorr   .                        (no gloves)
Will    .....                    (no boots) Stlth
                                 (no amulet)
HPRegen 0.27/turn                f - +6 ring of intelligence
MPRegen 0.09/turn                (no ring)

@: no status effects
A: horns 2, retaliatory headbutt
a: no special abilities


You were on level 4 of the Dungeon.
You visited 1 branch of the dungeon, and saw 6 of its levels.

You collected 157 gold pieces.

Inventory:

Hand Weapons
 a - a +0 war axe (weapon)
 p - a +0 morningstar
Armour
 b - a +0 scale mail
 c - a +0 buckler (worn)
 h - a +0 chain mail (worn)
Jewellery
 f - a +6 ring of intelligence (left hand)
 o - a ring of protection from cold
 v - a ring of protection from fire
Wands
 t - a wand of roots (11)
Scrolls
 g - a scroll of fog {unknown}
 k - 2 scrolls of magic mapping {unknown}
 l - a scroll of noise {unknown}
 n - 3 scrolls of vulnerability {unknown}
 q - 2 scrolls of fear {unknown}
 r - a scroll of torment {unknown}
 u - a scroll of teleportation {unknown}
 w - 2 scrolls of identify {unknown}
Potions
 d - a potion of might
 e - 2 potions of mutation {unknown}
 i - a potion of invisibility {unknown}
 j - a potion of degeneration {unknown}
 m - 2 potions of brilliance {unknown}
 s - a potion of curing {unknown}


   Skills:
 + Level 4.9 Fighting
 + Level 4.5 Axes
 + Level 4.4 Armour
 + Level 0.4 Dodging
 + Level 5.1 Shields


You had 4 spell levels left.
You didn't know any spells.
Your spell library was empty.

Dungeon Overview and Level Annotations

Branches:
Dungeon (6/15)
 Temple: D:4-7

Altars:

Shops:
D:2 (

Annotations:
D:4 Menkaure


Innate Abilities, Weirdness & Mutations

You have a pair of horns on your head.
You reflexively headbutt those who attack you in melee.


Message History

There is a stone staircase leading down here.
You see here a +0 dagger.
There is a stone staircase leading up here.
You climb upwards.
You hear the sound of rushing water.
There is an entrance to a sewer on this level.
Hurry and find it before the portal rusts away!
There is a stone staircase leading down here.
A hobgoblin comes into view.
The hobgoblin shouts!
A hobgoblin is nearby!
A hobgoblin is nearby!
Menkaure, Prince of Dust comes into view.
Menkaure shouts!
Menkaure casts a spell.
Menkaure seems to speed up.
The hobgoblin barely misses you.
You slash the hobgoblin!
You kill the hobgoblin!
Menkaure points at you and mumbles some strange words.
Pain shoots through your body!
Found a stone staircase leading up.
Menkaure hits you!
You slash Menkaure!
Menkaure is moderately damaged.
Menkaure barely misses you.
You barely miss Menkaure. You headbutt Menkaure!
Menkaure is severely damaged.
Menkaure hits you.
Menkaure calls on the powers of darkness!
Your body is wracked with pain!
* * * LOW HITPOINT WARNING * * *
You are too injured to fight recklessly!
You are too injured to fight recklessly!
You are too injured to fight recklessly!
You are too injured to fight recklessly!
You hit Menkaure.
Menkaure is almost destroyed.
Menkaure casts a spell at you. Pain shoots through your body!
* * * LOW HITPOINT WARNING * * *
Menkaure hits you!
You die...

#######
#....>#
#.....#
#.....#
#.....#
#.....#
#.....#
#....@#
#....M#
####...
#....
#.....
#......
#......#
#.<....#


You could see Menkaure (fast).

Vanquished Creatures
  An ice beast (D:6)
  A sleepcap (D:5)
  A gnoll (D:1)
  An adder (D:3)
  3 worms
  2 dart slugs
  2 orcs
  2 ball pythons
  9 endoplasms
  A giant cockroach (D:2)
  8 goblins
  7 hobgoblins
  4 kobolds
  5 quokkas
  8 bats
  3 frilled lizards
  7 rats
65 creatures vanquished.

Notes
Turn   | Place    | Note
-------+----------+-------------------------------------------
     0 | D:1      | GigaChad the Minotaur Fighter began the quest for the Orb.
     0 | D:1      | Reached XP level 1. HP: 19/19 MP: 0/0
   174 | D:1      | Reached XP level 2. HP: 27/27 MP: 1/1
   340 | D:1      | Reached skill level 4 in Shields
   402 | D:1      | Found a faded altar of an unknown god.
   409 | D:1      | Reached XP level 3. HP: 28/33 MP: 2/2
   973 | D:2      | Found Waravuw's Weapon Shop.
  1576 | D:2      | Reached XP level 4. HP: 41/41 MP: 3/3
  2014 | D:3      | You fall into a shaft and drop 3 floors!
  2024 | D:6      | Noticed an ice beast
  2035 | D:6      | Killed an ice beast
  2036 | D:6      | Reached XP level 5. HP: 31/47 MP: 4/4
  2046 | D:5      | Entered Level 5 of the Dungeon
  2054 | D:5      | Reached skill level 5 in Shields
  2130 | D:4      | Noticed Menkaure
  2137 | D:4      | Slain by Menkaure

Illustrated notes

Levels and vault maps discovered:
D:1:      minmay_arrival_nine_rooms, layout_loops_cross,
          ebering_ecumenical_altar_box, minmay_misc_feat_more_columns
D:2:      layout_basic, serial_shops, nicolae_shop_bloodbath_and_beyond
D:3:      layout_loops_corners, led_sif_book
D:4:      layout_gridville, minmay_temple_entry_trees, portal_sewer_entry_a,
          chequers_arboretum, uniq_menkaure, uniq_sigmund, uniq_eustachio
D:5:      layout_rooms, serial_corexii_hall, chequers_hall_statues_y,
          chequers_hall_statues_y, hex_medium, minmay_misc_feat_tiny,
          corexii_corridor_pit, chequers_serial_rivers_micro_b, uniq_ijyb
D:6:      layout_rooms, tso_altar, minivault_19, hangedman_decor_push

Skill      XL: |  1  2  3  4  5 |
---------------+----------------+-----
Fighting       | 4 |  4.9
Shields        | 4 5 |  5.1
Armour         | 4 |  4.4
Axes           | 3 4 |  4.5
Dodging        | |  0.4

Action                     |  1- 3 |  4- 6 || total
---------------------------+-------+-------++-------
  Melee: War axe           |    87 |    63 ||   150
         Headbutt          |    17 |    10 ||    27
 Armour: Scale mail        |     6 |       ||     6
         Chain mail        |    32 |    40 ||    72
  Dodge: Dodged            |    24 |    28 ||    52
  Block: Buckler           |    21 |    16 ||    37

Table legend: (Time is in decaauts)
 A = Elapsed time spent in this place.
 B = Non-inter-level travel time spent in this place.
 C = Inter-level travel time spent in this place.
 D = Time resting spent in this place.
 E = Time spent auto-exploring this place.
 F = Levels seen in this place.
 G = Mean time per level.
                   A        B        C        D        E       F      G
               +--------+--------+--------+--------+--------+-----+--------+
         Total |   2193 |   2107 |     86 |      0 |   1613 |   6 |  365.5 |
       Dungeon |   2193 |   2107 |     86 |      0 |   1613 |   6 |  365.5 |
               +--------+--------+--------+--------+--------+-----+--------+

Top non-repeatable levels by time:
     D:2: 936 daAuts
     D:1: 777 daAuts
     D:3: 351 daAuts
     D:5: 83 daAuts
     D:6: 34 daAuts
     D:4: 10 daAuts
